 Dungeon Crawl Stone Soup version 0.20.0-8-g6b59dc7 (webtiles) character file.

694 Monsterracer the Cleaver (level 7, -4/57 HPs)
             Began as a Hill Orc Skald on June 2, 2017.
             Slain by an ice beast (13 damage)
             ... on level 6 of the Dungeon.
             The game lasted 00:11:28 (6343 turns).

Monsterracer the Cleaver (Hill Orc Skald)           Turns: 6343, Time: 00:11:29

Health: -4/57      AC:  8    Str: 14    XL:     7   Next: 64%
Magic:  2/9        EV:  9    Int: 13    God:
Gold:   258        SH:  5    Dex: 12    Spells: 1/9 levels left

rFire    + . .     SeeInvis .   a - +1 hand axe
rCold    . . .     Gourm    .   (no shield)
rNeg     . . .     Faith    .   n - +0 scale mail
rPois    .         Spirit   .   (no helmet)
rElec    .         Reflect  +   (no cloak)
rCorr    +         Harm     .   i - +1 pair of gloves
MR       .....                  (no boots)
Stlth    ..........             g - +5 amulet of reflection
Regen    0.2/turn               p - ring of protection from fire
MPRegen  0.2/turn               q - ring of resist corrosion

@: infused (expiring), very slightly contaminated
A: no striking features
a: no special abilities


You were on level 6 of the Dungeon.
You were near starving.

You visited 1 branch of the dungeon, and saw 6 of its levels.

You collected 258 gold pieces.

Inventory:

Hand Weapons
 a - a +1 hand axe (weapon)
Armour
 i - a +1 pair of gloves (worn)
 n - a +0 scale mail (worn)
 r - a +2 buckler
 s - a +0 plate armour
Jewellery
 g - a +5 amulet of reflection (around neck)
 p - a ring of protection from fire (left hand)
 q - a ring of resist corrosion (right hand)
Scrolls
 e - 8 scrolls of identify
 f - a scroll of enchant weapon
 k - a scroll of remove curse
Potions
 l - a potion of magic
 m - a potion of agility
 o - a potion of curing
 t - a potion of flight
Books
 c - a book of Battle

   Spells                             Type                      Level
   a - Infusion                       Charms                       1
   b - Shroud of Golubria             Charms/Translocation         2
   c - Song of Slaying                Charms                       2
   d - Spectral Weapon                Hexes/Charms                 3
   e - Regeneration                   Charms/Necromancy            3
 j - a book of Necromancy

   Spells                             Type                      Level
   a - Pain                           Necromancy                   1
   b - Animate Skeleton               Necromancy                   1
   c - Vampiric Draining              Necromancy                   3
   d - Regeneration                   Charms/Necromancy            3
   e - Animate Dead                   Necromancy                   4
   f - Control Undead                 Necromancy                   4
Comestibles
 b - 2 meat rations
 d - 6 bread rations
 h - a royal jelly


   Skills:
 + Level 3.2 Fighting
 * Level 10.3 Axes
 + Level 2.1 Armour
 - Level 1.5 Dodging
 - Level 1.5 Spellcasting
 - Level 2.6 Charms


You had one spell level left.
You knew the following spells:

 Your Spells              Type           Power        Failure   Level  Hunger
a - Infusion              Chrm           #...         36%         1    ##.....
b - Song of Slaying       Chrm           #.......     50%         2    ###....
c - Shroud of Golubria    Chrm/Tloc      #.........   69%         2    ###....
d - Regeneration          Chrm/Necr      #.........   89%         3    ####...


Dungeon Overview and Level Annotations

Branches:
Dungeon (6/15)             Temple (0/1) D:5

Altars:
Cheibriados
Ru
Trog
Vehumet
Xom


Message History

Casting: Infusion
Confirm with . or Enter, or press ? or * to list all spells.
Okay, then.
You hit the ice beast but do no damage.
The ice beast is lightly wounded.
The ice beast hits you but does no damage.
You hit the ice beast but do no damage.
The ice beast is lightly wounded.
The bullfrog snags a nearby spider with its tongue.
The ice beast hits you.
* * * LOW HITPOINT WARNING * * *
The ice beast freezes you.
* * * LOW HITPOINT WARNING * * *
You barely miss the ice beast.
The ice beast is lightly wounded.
Your magical infusion is running out.
The ice beast hits you.
* * * LOW HITPOINT WARNING * * *
The ice beast freezes you!
You die...

#..#....# ......#
#..#....# ......#
#..#....# ......#
#..#....# ......#
###.#.<#.>..##......#
.....................+
####....#.####F......#
#....###.# #Y#######
)..... ..# #@# ##....
#### #.# #... #.# #...
#.# #.# #.# #.# #+#


You could see an ice beast and a bullfrog.

Vanquished Creatures
  A phantom (D:4)
  An ogre (D:4)
  A bullfrog (D:3)
  A scorpion (D:5)
  A hound (D:5)
  2 bullfrog skeletons
  Ijyb (D:5)
  2 worker ants
  A killer bee zombie (D:6)
  4 gnolls
  8 adders
  An ooze (D:4)
  3 worms
  6 dart slugs
  3 leopard geckos
  4 orcs (D:5)
  9 bats
  3 giant cockroaches
  6 goblins
  8 hobgoblins
  9 jackals
  3 quokkas
  3 frilled lizards
  5 kobolds
  7 rats
93 creatures vanquished.

Notes
Turn   | Place    | Note
-------+----------+-------------------------------------------
     0 | D:1      | Monsterracer the Hill Orc Skald began the quest for the Orb.
     0 | D:1      | Reached XP level 1. HP: 18/18 MP: 3/3
    36 | D:1      | Reached skill level 3 in Axes
    71 | D:1      | Reached XP level 2. HP: 25/25 MP: 4/4
   223 | D:1      | Reached skill level 4 in Axes
   792 | D:1      | You fall through a shaft!
   797 | D:2      | Reached XP level 3. HP: 28/30 MP: 5/5
  1295 | D:2      | Reached skill level 5 in Axes
  1454 | D:2      | Reached XP level 4. HP: 35/37 MP: 6/6
  1734 | D:2      | Reached skill level 6 in Axes
  2156 | D:1      | Learned a level 2 spell: Song of Slaying
  2159 | D:1      | Learned a level 2 spell: Shroud of Golubria
  2189 | D:1      | Reached XP level 5. HP: 11/42 MP: 2/7
  2510 | D:3      | Reached skill level 7 in Axes
  3146 | D:3      | Found a snail-covered altar of Cheibriados.
  3159 | D:3      | Reached skill level 8 in Axes
  3159 | D:3      | Reached XP level 6. HP: 36/50 MP: 8/8
  3426 | D:3      | Learned a level 3 spell: Regeneration
  3837 | D:4      | Found a shimmering altar of Xom.
  3837 | D:4      | Found a shimmering altar of Xom.
  3837 | D:4      | Found a shimmering altar of Xom.
  3838 | D:4      | Found a shimmering altar of Xom.
  3838 | D:4      | Found a shimmering altar of Xom.
  3859 | D:4      | Noticed a phantom
  3882 | D:4      | Reached skill level 9 in Axes
  3944 | D:4      | Killed a phantom
  3944 | D:4      | Reached XP level 7. HP: 30/56 MP: 0/9
  5052 | D:5      | Entered Level 5 of the Dungeon
  5239 | D:5      | Found a bloodstained altar of Trog.
  5322 | D:5      | Reached skill level 10 in Axes
  5351 | D:5      | Noticed Ijyb
  5391 | D:5      | Killed Ijyb
  5509 | D:5      | Found a sacrificial altar of Ru.
  5670 | D:5      | Found a radiant altar of Vehumet.
  5730 | D:5      | Found a staircase to the Ecumenical Temple.
  6343 | D:6      | Slain by an ice beast

Skill      XL: |  1  2  3  4  5  6  7 |
---------------+----------------------+-----
Axes           | 3 4 5 6 8 9 10 | 10.3
Fighting       | 3 |  3.2
Armour         | 2 |  2.1
Dodging        | |  1.5
Spellcasting   | |  1.5
Charms         | |  2.6

Action                   |  1- 3 |  4- 6 |  7- 9 || total
-------------------------+-------+-------+-------++-------
Melee: Hand axe          |    97 |   202 |   157 ||   456
       Unarmed           |       |       |     6 ||     6
 Cast: Infusion          |       |     8 |     1 ||     9
       Shroud of Golubri |       |     1 |       ||     1
  Use: Potion            |     2 |     1 |     5 ||     8
       Scroll            |       |       |     8 ||     8
  Eat: Chunk             |     2 |     8 |     4 ||    14
       Royal jelly       |       |       |     1 ||     1
Armor: Leather armour    |    28 |       |       ||    28
       Ring mail         |     4 |    84 |     3 ||    91
       Skin              |     4 |       |       ||     4
       Plate armour      |       |       |    52 ||    52
       Scale mail        |       |       |    20 ||    20
Dodge: Dodged            |    72 |   118 |    36 ||   226
Block: Other             |       |       |    27 ||    27
